 Dungeon Crawl Stone Soup version 0.22-a0-159-g7ce444f (webtiles) character file.

112 dxctxrx the Magician (level 4, 0/25 HPs)
             Began as a Deep Elf Fire Elementalist on Feb 10, 2018.
             Killed from afar by mhoghedin's ghost (12 damage)
             ... with a puff of flame
             ... on level 3 of the Dungeon.
             The game lasted 00:04:55 (2248 turns).

dxctxrx the Magician (Deep Elf Fire Elementalist)   Turns: 2248, Time: 00:04:56

Health: 0/25       AC:  4    Str:  5    XL:     4   Next: 63%
Magic:  0/12       EV: 13    Int: 21    God:
Gold:   162        SH:  0    Dex: 15    Spells: 3/11 levels left

rFire    . . .     SeeInvis .   b - +0 hunting sling
rCold    . . .     Gourm    .   (no shield)
rNeg     . . .     Faith    .   h - +0 robe
rPois    .         Spirit   .   (no helmet)
rElec    .         Reflect  .   u - +0 cloak
rCorr    .         Harm     .   t - +0 pair of gloves
MR       .....                  (no boots)
Stlth    ++........             (no amulet)
HPRegen  0.08/turn              (no ring)
MPRegen  0.13/turn              (no ring)

@: no status effects
A: no striking features
a: no special abilities


You were on level 3 of the Dungeon.
You were not hungry.

You visited 1 branch of the dungeon, and saw 3 of its levels.

You collected 162 gold pieces.

Inventory:

Hand Weapons
 a - a +0 dagger of draining
   (You found it on level 2 of the Dungeon)
 b - a +0 hunting sling (weapon)
Missiles
 j - 103 stones (quivered)
 k - 40 bolts
 l - 9 arrows
 o - 4 tomahawks
Armour
 h - a +0 robe (worn)
 t - a +0 pair of gloves (worn)
 u - a +0 cloak (worn)
Scrolls
 f - a scroll of remove curse {unknown}
 m - a scroll of blinking {unknown}
 p - a scroll of amnesia {unknown}
 q - a scroll of enchant armour {unknown}
Potions
 e - a potion of agility {unknown}
 g - a potion of magic {unknown}
 n - a potion of mutation {unknown}
 r - 2 potions of curing {unknown}
 v - a potion of invisibility {unknown}
Books
 d - a book of Flames

   Spells                             Type                      Level
   a - Flame Tongue                   Conjuration/Fire             1
   b - Throw Flame                    Conjuration/Fire             2
   c - Conjure Flame                  Conjuration/Fire             3
   d - Inner Flame                    Hexes/Fire                   3
   e - Sticky Flame                   Conjuration/Fire             4
   f - Fireball                       Conjuration/Fire             5
Comestibles
 c - 4 rations
 i - a chunk of flesh


   Skills:
 + Level 1.5 Fighting
 - Level 2.4 Dodging
 - Level 2.4 Stealth
 + Level 4.1 Spellcasting
 + Level 2.5 Conjurations
 + Level 4.1 Fire Magic


You had 3 spell levels left.
You knew the following spells:

 Your Spells              Type           Power        Failure   Level  Hunger
a - Flame Tongue          Conj/Fire      ###..        3%          1    None
b - Conjure Flame         Conj/Fire      ###.....     9%          3    ###....
c - Sticky Flame          Conj/Fire      ###.....     28%         4    ####...


Dungeon Overview and Level Annotations

Branches:
Dungeon (3/15)

Altars:

Annotations:
D:3 mhoghedin's ghost, amateur DEFE


Message History

Casting: Flame Tongue (safe; 3% risk of failure)
Confirm with . or Enter, or press ? or * to list all spells.
Aiming: Flame Tongue (safe; 3% risk of failure)
Press: ? - help, Shift-Dir - straight line, f/p - mhoghedin's ghost
Aim: mhoghedin's ghost (moderately damaged)
The flame tongue hits mhoghedin's ghost.
Mhoghedin's ghost resists.
Mhoghedin's ghost is moderately damaged.
You hear the rusting of a very distant drain.
Mhoghedin's ghost misses you.
Casting: Flame Tongue (safe; 3% risk of failure)
Confirm with . or Enter, or press ? or * to list all spells.
Aiming: Flame Tongue (safe; 3% risk of failure)
Press: ? - help, Shift-Dir - straight line, f/p - mhoghedin's ghost
Aim: mhoghedin's ghost (moderately damaged)
The flame tongue hits mhoghedin's ghost.
Mhoghedin's ghost resists.
Mhoghedin's ghost is heavily damaged.
Mhoghedin's ghost points at you and mumbles some strange words.
The flame tongue hits you!
Casting: Flame Tongue (safe; 3% risk of failure)
Confirm with . or Enter, or press ? or * to list all spells.
Aiming: Flame Tongue (safe; 3% risk of failure)
Press: ? - help, Shift-Dir - straight line, f/p - mhoghedin's ghost
Aim: mhoghedin's ghost (heavily damaged)
The flame tongue misses mhoghedin's ghost.
Mhoghedin's ghost hits you but does no damage.
Casting: Flame Tongue (safe; 3% risk of failure)
Confirm with . or Enter, or press ? or * to list all spells.
Aiming: Flame Tongue (safe; 3% risk of failure)
Press: ? - help, Shift-Dir - straight line, f/p - mhoghedin's ghost
Aim: mhoghedin's ghost (heavily damaged)
The flame tongue hits mhoghedin's ghost.
Mhoghedin's ghost appears unharmed.
Mhoghedin's ghost is heavily damaged.
Mhoghedin's ghost closely misses you.
Casting: Flame Tongue (safe; 3% risk of failure)
Confirm with . or Enter, or press ? or * to list all spells.
Aiming: Flame Tongue (safe; 3% risk of failure)
Press: ? - help, Shift-Dir - straight line, f/p - mhoghedin's ghost
Aim: mhoghedin's ghost (heavily damaged)
The flame tongue hits mhoghedin's ghost.
Mhoghedin's ghost resists.
Mhoghedin's ghost is heavily damaged.
Mhoghedin's ghost hits you but does no damage.
Casting: Flame Tongue (safe; 3% risk of failure)
Confirm with . or Enter, or press ? or * to list all spells.
Aiming: Flame Tongue (safe; 3% risk of failure)
Press: ? - help, Shift-Dir - straight line, f/p - mhoghedin's ghost
Aim: mhoghedin's ghost (heavily damaged)
The flame tongue hits mhoghedin's ghost.
Mhoghedin's ghost appears unharmed.
Mhoghedin's ghost is heavily damaged.
Mhoghedin's ghost barely misses you.
Casting: Flame Tongue (safe; 3% risk of failure)
Confirm with . or Enter, or press ? or * to list all spells.
Aiming: Flame Tongue (safe; 3% risk of failure)
Press: ? - help, Shift-Dir - straight line, f/p - mhoghedin's ghost
Aim: mhoghedin's ghost (heavily damaged)
The flame tongue hits mhoghedin's ghost.
Mhoghedin's ghost appears unharmed.
Mhoghedin's ghost is heavily damaged.
Mhoghedin's ghost hits you.
Casting: Flame Tongue (safe; 3% risk of failure)
Confirm with . or Enter, or press ? or * to list all spells.
Aiming: Flame Tongue (safe; 3% risk of failure)
Press: ? - help, Shift-Dir - straight line, f/p - mhoghedin's ghost
Aim: mhoghedin's ghost (heavily damaged)
The flame tongue hits mhoghedin's ghost.
Mhoghedin's ghost resists.
Mhoghedin's ghost is severely damaged.
Mhoghedin's ghost hits you.
Casting: Flame Tongue (safe; 3% risk of failure)
Confirm with . or Enter, or press ? or * to list all spells.
Aiming: Flame Tongue (safe; 3% risk of failure)
Press: ? - help, Shift-Dir - straight line, f/p - mhoghedin's ghost
Aim: mhoghedin's ghost (severely damaged)
The flame tongue hits mhoghedin's ghost.
Mhoghedin's ghost resists.
Mhoghedin's ghost is severely damaged.
Mhoghedin's ghost screams, "I'll kill anyone who wants the ORB!"
Mhoghedin's ghost hits you.
Casting: Flame Tongue (safe; 3% risk of failure)
Confirm with . or Enter, or press ? or * to list all spells.
Aiming: Flame Tongue (safe; 3% risk of failure)
Press: ? - help, Shift-Dir - straight line, f/p - mhoghedin's ghost
Aim: mhoghedin's ghost (severely damaged)
The flame tongue misses mhoghedin's ghost.
Mhoghedin's ghost hits you but does no damage.
Casting: Flame Tongue (safe; 3% risk of failure)
Confirm with . or Enter, or press ? or * to list all spells.
Aiming: Flame Tongue (safe; 3% risk of failure)
Press: ? - help, Shift-Dir - straight line, f/p - mhoghedin's ghost
Aim: mhoghedin's ghost (severely damaged)
The flame tongue hits mhoghedin's ghost.
Mhoghedin's ghost resists.
Mhoghedin's ghost is almost destroyed.
Mhoghedin's ghost casts a spell at you. The puff of flame hits you!
You die...

#..
..........##
###
#######.###
#.# #.# #.#
#.#
.#######.#
.........#
..#####@.#
#W.# #....
#!...#
#...## ..(##
##(# (#


You could see mhoghedin's ghost.

Vanquished Creatures
  3 gnolls (D:2)
  3 adders
  A worm (D:2)
  A leopard gecko (D:1)
  2 giant cockroaches
  5 goblins
  8 hobgoblins
  8 jackals
  2 quokkas
  A ball python (D:2)
  3 bats
  3 frilled lizards
  3 kobolds
  6 rats
49 creatures vanquished.

Notes
Turn   | Place    | Note
-------+----------+-------------------------------------------
     0 | D:1      | dxctxrx the Deep Elf Fire Elementalist began the quest for the Orb.
     0 | D:1      | Reached XP level 1. HP: 10/10 MP: 6/6
   155 | D:1      | Reached XP level 2. HP: 15/16 MP: 1/8
  1095 | D:2      | Reached XP level 3. HP: 20/20 MP: 3/10
  1253 | D:2      | Reached skill level 1 in Fighting
  1253 | D:2      | Reached skill level 2 in Conjurations
  1506 | D:2      | Reached XP level 4. HP: 25/25 MP: 7/11
  1509 | D:2      | Reached skill level 4 in Spellcasting
  1509 | D:2      | Reached skill level 4 in Fire Magic
  1702 | D:2      | Learned a level 3 spell: Conjure Flame
  1707 | D:2      | Learned a level 4 spell: Sticky Flame
  2232 | D:3      | Noticed mhoghedin's ghost (amateur DEFE)
  2248 | D:3      | Killed from afar by mhoghedin's ghost

Vault maps used:
D:1:      matt_arrival_spirals, eino_curves_01, serial_bayou_ford_a,
          minmay_heptomino_h4
D:2:      minmay_misc_feat_nine_boxes, minmay_tree_intersection
D:3:      gup_sewer_entry_bubbles

Skill      XL: |  1  2  3  4 |
---------------+-------------+-----
Fighting       | 1 |  1.5
Conjurations   | 2 |  2.5
Spellcasting   | 4 |  4.1
Fire Magic     | 4 |  4.1
Dodging        | |  2.4
Stealth        | |  2.4

Action                   |  1- 3 |  4- 6 || total
-------------------------+-------+-------++-------
 Fire: Hunting sling     |    52 |    21 ||    73
 Cast: Flame Tongue      |    56 |    27 ||    83
  Eat: Chunk             |     1 |     3 ||     4
Armor: Robe              |    12 |     3 ||    15
Dodge: Dodged            |    21 |    12 ||    33

Table legend:
 A = Spawn XP
 B = Non-spawn XP
 C = Spawn XP percentage of total XP
 D = Spawn monster count
 E = Non-spawn monster count
 F = Spawn count percentage of total count
 G = Total turns spent on level
                    A         B        C        D         E        F      G
               +---------+---------+-------+---------+---------+-------+---------
         Total |       0 |     160 |   0.0 |       0 |      49 |   0.0 |  2248
               +---------+---------+-------+---------+---------+-------+---------
           D:1 |       0 |      28 |   0.0 |       0 |      16 |   0.0 |   966
           D:2 |       0 |     113 |   0.0 |       0 |      29 |   0.0 |  1072
           D:3 |       0 |      19 |   0.0 |       0 |       4 |   0.0 |   210
               +---------+---------+-------+---------+---------+-------+---------

Table legend:
 A = Turns spent in this place as a percentage of turns spent in the entire game.
 B = Non-inter-level travel turns spent in this place as a percentage of non-inter-level travel turns spent in the entire game.
 C = Inter-level travel turns spent in this place as a percentage of turns spent in this place.
 D = Turns resting spent in this place as a percentage of non-inter-level travel turns spent in this place.
 E = Turns spent auto-exploring this place as a percentage of non-inter-level travel turns spent in this place.
 F = Non-inter-level travel turns spent in this place divided by the number of levels of this place that you've seen.
                   A       B       C       D       E      F
               +-------+-------+-------+-------+-------+----------------------
         Total | 100.0 | 100.0 |   3.9 |  22.7 |  64.0 | 720.3
       Dungeon | 100.0 | 100.0 |   3.9 |  22.7 |  64.0 | 720.3
               +-------+-------+-------+-------+-------+----------------------

Table legend:
 A = Kills in this place as a percentage of kills in entire the game.
 B = Kills by you in this place as a percentage of kills by you in the entire game.
 C = Kills by friends in this place as a percentage of kills by friends in the entire game.
 D = Other kills in this place as a percentage of other kills in the entire game.
 E = Experience gained in this place as a percentage of experience gained in the entire game.
 F = Experience gained in this place divided by the number of levels of this place that you have seen.
                   A       B       C       D       E      F
               +-------+-------+-------+-------+-------+----------------------
         Total | 100.0 | 100.0 |   N/A |   N/A | 100.0 |  53.3
       Dungeon | 100.0 | 100.0 |   N/A |   N/A | 100.0 |  53.3
               +-------+-------+-------+-------+-------+----------------------

Vault maps used:
D:1:      matt_arrival_spirals, eino_curves_01, serial_bayou_ford_a,
          minmay_heptomino_h4
D:2:      minmay_misc_feat_nine_boxes, minmay_tree_intersection
D:3:      gup_sewer_entry_bubbles
